[Event "Early-Titled-Tuesday-Blitz-December-26-2023"]
[Site "Chess.com"]
[Date "2023.12.26"]
[Round "11"]
[White "missponyo10"]
[Black "NovakRatko"]
[Result "0-1"]
[WhiteElo "2247"]
[BlackElo "2425"]
[TimeControl "180+1"]
[EndTime "10:04:26 PST"]
[Termination "NovakRatko won by checkmate"]

1. e4 d5 2. exd5 c6 3. dxc6 Nxc6 4. Nf3 e5 5. d3 Bc5 6. Be2 f5 7. O-O Nf6 8. Bg5 O-O 9. c3 a5 10. Nbd2 Be6 11. Nb3 Bd6 12. d4 e4 13. Nfd2 a4 14.
Nc1 Qc7 15. Bxf6 Bxh2+ 16. Kh1 Rxf6 17. g3 Bxg3 18. fxg3 Qxg3 19. Bh5 Rh6 20. Qe2 Bf7 21. Qg2 Rxh5+ 22. Kg1 Qe3+ 23. Qf2 Rg5+ 24. Kh2 Qxf2+ 25. Rxf2 e3 26. Re2 exd2 27. Rxd2 a3 28. b3 Rd8 29. Ne2 Rd6 30. Ng3 Rh6+ 31. Kg2 Rhg6 32. Rd3 f4 33. d5 Rxg3+ 34. Rxg3 Rxg3+ 35. Kh2 Bxd5 36. Rd1 Bxb3 37. axb3 Rxc3 38. b4 Nxb4 39. Rd8+ Kf7 40. Rd7+ Kf6 41. Rxb7 a2 42. Rxb4 a1=Q 43. Rxf4+ Kg5 44. Rf2 Qa3 45. Rg2+ Kh4 46. Rf2 Rh3+ 47. Kg2 Qg3+ 48. Kf1 Rh1+ 49. Ke2 Qe5+ 50. Kf3 g5 51. Rh2+ Qxh2 52. Ke4 Qf4+ 53. Kd5 Rd1+ 54. Ke6 Re1+ 55. Kd7 Qd2+ 56. Kc6 Rc1+ 57.
Kb5 Qb2+ 58. Ka6 Ra1# 0-1

[Event "Early-Titled-Tuesday-Blitz-December-26-2023"]
[Site "Chess.com"]
[Date "2023.12.26"]
[Round "11"]
[White "jcmesafischer"]
[Black "MikeSailer"]
[Result "1-0"]
[WhiteElo "2326"]
[BlackElo "2184"]
[TimeControl "180+1"]
[EndTime "10:04:33 PST"]
[Termination "jcmesafischer won by resignation"]

1. e4 d5 2. exd5 Qxd5 3. Nc3 Qd6 4. g3 Nf6 5. Bg2 c6 6. d3 g6 7. Nf3 Bg7 8. Bf4 Qd8 9. O-O O-O 10. Qd2 Nbd7 11.
Rfe1 Nb6 12. Bh6 Nbd5 13. Bxg7 Kxg7 14. Ne4 Bg4 15. Ne5 Bf5 16. h3 Qc8 17. g4 Be6 18. Nc5 b6 19. Nxe6+ fxe6 20. c4 Nc7 21. Nxc6 Rf7 22.
Ne5 Rb8 23. Nxf7 Kxf7 24. Qf4 Kg7 25. Qe5 Kf7 26. d4 Nce8 27. d5 Qxc4 28. Qxe6+ 1-0

[Event "Early-Titled-Tuesday-Blitz-December-26-2023"]
[Site "Chess.com"]
[Date "2023.12.26"]
[Round "11"]
[White "Elsa167"]
[Black "rquery98"]
[Result "1-0"]
[WhiteElo "2980"]
[BlackElo "2778"]
[TimeControl "180+1"]
[EndTime "10:04:34 PST"]
[Termination "Elsa167 won by resignation"]

1. e4 e5 2. f4 d5 3. exd5 exf4 4. Nf3 Nf6 5. Bb5+ Bd7 6. Bxd7+ Qxd7 7. c4 c6 8. dxc6 Nxc6 9. d4 Bb4+ 10. Nc3 O-O-O 11.
O-O Nxd4 12. Bxf4 Qf5 13. Nxd4 Bc5 14. Nd5 Qe4 15. Kh1 Qxd4 16. Qc2 Ne4 17. Rad1 Nf2+ 18. Rxf2 Qxf2 19. Qf5+ Rd7 20. Nb6+ 1-0

[Event "Early-Titled-Tuesday-Blitz-December-26-2023"]
[Site "Chess.com"]
[Date "2023.12.26"]
[Round "11"]
[White "laskakid"]
[Black "Let_it_be_1"]
[Result "0-1"]
[WhiteElo "2360"]
[BlackElo "2549"]
[TimeControl "180+1"]
[EndTime "10:04:34 PST"]
[Termination "Let_it_be_1 won by resignation"]

1. d4 d5 2. c4 e6 3. Nc3 Be7 4. Bf4 Nf6 5. e3 O-O 6. a3 Nbd7 7. Nb5 Ne8 8. Nf3 a6 9. Nc3 Nef6 10. c5 c6 11. h3 b6 12. b4 a5 13. Bd3 Ba6 14. Bxa6 Rxa6 15. b5 cxb5 16. c6 Qc8 17. Nxb5 Qxc6 18.
Qe2 a4 19. O-O Ra5 20. Rab1 Rc8 21. Kh2 Ne4 22. Rfc1 Qxc1 23. Rxc1 Rxc1 24. Ne5 Nxe5 25. Bxe5 f6 26. Bb8 Rc4 27. Nc7 Bd6+ 28. g3 Bxc7 29. Bxc7 Rxc7 30. Qg4 Rc6 31. Qf4 Ra8 32. h4 Rac8 33.
h5 h6 34. g4 Nxf2 0-1

[Event "Early-Titled-Tuesday-Blitz-December-26-2023"]
[Site "Chess.com"]
[Date "2023.12.26"]
[Round "11"]
[White "Evgeny81"]
[Black "margarita_2703"]
[Result "1-0"]
[WhiteElo "2752"]
[BlackElo "2361"]
[TimeControl "180+1"]
[EndTime "10:04:39 PST"]
[Termination "Evgeny81 won by resignation"]

1. e4 e5 2. Nf3 Nc6 3. Bb5 Nge7 4. O-O g6 5. c3 a6 6. Ba4 Bg7 7. d4 exd4 8. cxd4 b5 9. Bb3 d6 10. Nc3 Na5 11. Bc2 O-O 12. h3 c5 13. Bf4 Bb7 14. Rb1 Re8 15. Re1 Nac6 16. d5 Nd4 17. Nxd4 Bxd4 18.
Qd2 f6 19. Ne2 Be5 20. Be3 f5 21. exf5 Nxf5 22. Bg5 Bf6 23. Bxf5 Bxg5 24. f4 gxf5 25. fxg5 Re5 26. Ng3 Qe7 27. Nxf5 Rxe1+ 28. Rxe1 Qd7 29. Nh6+ Kh8 30. Qc3+ Qg7 31. Nf7+ Kg8 32. Nh6+ Kh8 33. Qxg7+ Kxg7 34. Re7+ Kg6 35. Rxb7 Kxg5 36. Nf7+ Kf5 37.
Nxd6+ Ke5 38. Nf7+ Kxd5 39. Ng5 h6 40. Nf3 Re8 41.
Kf2 Kc4 42. Rb6 a5 43. Rxh6 a4 44. Rd6 b4 45. h4 a3 46. Nd2+ Kb5 47. b3 Rf8+ 48. Ke3 Re8+ 49. Kd3 Rg8 50. h5 Rxg2 51. h6 Rg3+ 52. Ke4 c4 53. Nxc4 Kc5 54. Kf4 Rh3 55. Kg4 Rh2 56. Rg6 Rxa2 57. h7 Rh2 58. Rg5+ Kd4 59.
Rh5 Rxh5 60. Kxh5 a2 61. h8=Q+ Kd3 62. Qa1 1-0

[Event "Early-Titled-Tuesday-Blitz-December-26-2023"]
[Site "Chess.com"]
[Date "2023.12.26"]
[Round "11"]
[White "HajiyevKanan"]
[Black "tantaan"]
[Result "1-0"]
[WhiteElo "2616"]
[BlackElo "2485"]
[TimeControl "180+1"]
[EndTime "10:04:44 PST"]
[Termination "HajiyevKanan won by checkmate"]

1. d4 Nf6 2. Nf3 e6 3. g3 d5 4. Bg2 b5 5. O-O Be7 6. a4 b4 7. c4 bxc3 8. bxc3 O-O 9. c4 c6 10. Ne5 a5 11. Nc3 Nfd7 12. Nd3 Na6 13. c5 Rb8 14. Bf4 Rb7 15. Rb1 g5 16. Bd2 f6 17.
e4 Rxb1 18. Qxb1 Qc7 19. Re1 Re8 20. Bh3 Nf8 21. Nd1 dxe4 22. Rxe4 f5 23. Re1 g4 24.
Bg2 Bf6 25. Bf4 Qd7 26. Be5 Bxe5 27. Nxe5 Qxd4 28. Bxc6 Rd8 29. Qb6 Nb4 30. Qxa5 Qd2 31. Rf1 Ba6 32. Bb5 Bc8 33. Qc7 Nc2 34. Qf7+ Kh8 35. Be8 Qxd1 36. Qxf8# 1-0

[Event "Early-Titled-Tuesday-Blitz-December-26-2023"]
[Site "Chess.com"]
[Date "2023.12.26"]
[Round "11"]
[White "viviania"]
[Black "vugarrasulov"]
[Result "1-0"]
[WhiteElo "2916"]
[BlackElo "2928"]
[TimeControl "180+1"]
[EndTime "10:04:45 PST"]
[Termination "viviania won by resignation"]

1. e4 e5 2. Nf3 Nc6 3. Bb5 Nf6 4. O-O d6 5. d4 Bd7 6. d5 Ne7 7. Bxd7+ Qxd7 8. Re1 g6 9. c4 Bg7 10. Nc3 O-O 11.
a4 a5 12. c5 Nh5 13. cxd6 cxd6 14. Nb5 h6 15. Ra3 f5 16. exf5 gxf5 17. Nxe5 dxe5 18. Qxh5 Nxd5 19. Bxh6 Nf6 20. Qg6 f4 21. Rd3 Qf7 22. Qxf7+ Rxf7 23. Bxg7 Kxg7 24. Rxe5 Rc8 25. Nc3 Rc4 26.
Rxa5 Re7 27. h3 Nd7 28. Kf1 Ne5 29. Rdd5 Nc6 30. Rac5 Rb4 31. Rb5 Rc4 32. Rd1 Nd4 33. Rd5 Nb3 34. Rd7 Kf7 35. Rxe7+ Kxe7 36. Ke2 Nc5 37.
Kf3 Rb4 38. Rd2 Ke6 39. Re2+ Kf5 40. Rd2 Rb3 41. Rd5+ 1-0

[Event "Early-Titled-Tuesday-Blitz-December-26-2023"]
[Site "Chess.com"]
[Date "2023.12.26"]
[Round "11"]
[White "Matic_Nareks"]
[Black "IAgrest"]
[Result "1-0"]
[WhiteElo "2504"]
[BlackElo "2396"]
[TimeControl "180+1"]
[EndTime "10:04:47 PST"]
[Termination "Matic_Nareks won by resignation"]

1. e4 e5 2. Nf3 Nc6 3. Bc4 Nf6 4.
d3 h6 5. O-O d6 6. c3 g5 7. b4 Bg7 8. b5 Ne7 9. a4 O-O 10. Nbd2 Ng6 11. d4 g4 12. Ne1 exd4 13.
cxd4 d5 14. exd5 Nxd5 15. Bb2 c6 16. Ne4 f5 17. Nc5 Kh8 18. Qb3 Ndf4 19. Rd1 Qg5 20. Bc1 Qe7 21. Kh1 b6 22. Ncd3 Nxd3 23. Nxd3 cxb5 24. axb5 Bb7 25. Nb4 Rad8 26. Nc6 Bxc6 27.
bxc6 Rxd4 28. Ba3 Qc7 29. Bxf8 Nxf8 30. Rxd4 Bxd4 31. Qd3 Bg7 32. Qd5 Kh7 33. Qxf5+ Ng6 34.
Bd5 Qe5 35. Be4 Qxf5 36. Bxf5 Be5 37. Re1 Bd6 38. Bxg6+ 1-0

[Event "Early-Titled-Tuesday-Blitz-December-26-2023"]
[Site "Chess.com"]
[Date "2023.12.26"]
[Round "11"]
[White "campochess"]
[Black "Pumpkin_in_moonlight"]
[Result "0-1"]
[WhiteElo "2179"]
[BlackElo "2313"]
[TimeControl "180+1"]
[EndTime "10:04:48 PST"]
[Termination "Pumpkin_in_moonlight won by resignation"]

1. d4 Nf6 2. Bg5 Ne4 3. h4 Nxg5 4. hxg5 d5 5. Nd2 Bf5 6. Ngf3 Nd7 7. e3 e6 8. Bd3 Bxd3 9. cxd3 Bd6 10. e4 c6 11. Qe2 Qe7 12. Kf1 Bf4 13. g6 fxg6 14. Re1 Nf8 15. Nb3 O-O-O 16. Nc5 Re8 17. Qc2 Kb8 18. exd5 cxd5 19. Qa4 Bd6 20. Nb3 Nd7 21.
g3 Rhf8 22. Kg2 h6 23. Rh4 g5 24.
Rhh1 Qf7 25. Re3 g4 26. Nbd2 gxf3+ 27. Rxf3 Qe7 28. Re3 Rf6 29. Rhe1 Ref8 30. f4 Qf7 31. Nf3 g5 32. Ne5 Bxe5 33. dxe5 Rf5 34. Qb4 gxf4 35. Qd6+ Ka8 36. Rf3 fxg3 37. Rxf5 Qxf5 38. Rc1 Qf3+ 39. Kh3 g2+ 0-1

[Event "Early-Titled-Tuesday-Blitz-December-26-2023"]
[Site "Chess.com"]
[Date "2023.12.26"]
[Round "11"]
[White "Drags95"]
[Black "Alex_Sahakyan2006"]
[Result "1-0"]
[WhiteElo "2804"]
[BlackElo "2713"]
[TimeControl "180+1"]
[EndTime "10:04:51 PST"]
[Termination "Drags95 won by resignation"]

1. e4 c5 2. Nf3 g6 3. d4 cxd4 4.
Nxd4 Bg7 5. c4 Nf6 6. Nc3 Nc6 7.
Be3 d6 8. Be2 O-O 9. O-O Nxd4 10. Bxd4 Be6 11. Qc2 a5 12. b3 Nd7 13. Bxg7 Kxg7 14. Rad1 Qb6 15. Na4 Qc6 16. f4 f6 17.
Bf3 Qc7 18. Nc3 Qc5+ 19. Kh1 Bf7 20. Nd5 Rfe8 21. Bg4 e6 22. Nc3 Rad8 23. Na4 Qc7 24. Nc3 Nc5 25. Nb5 Qc6 26. e5 dxe5 27. Rxd8 Rxd8 28.
fxe5 f5 29. Bf3 Qb6 30. Nd6 Nd7 31. Nxb7 Rb8 32. c5 Qc7 33. Re1 g5 34. c6 g4 35. Bd1 Nxe5 36. Qc3 Kf6 37. Nxa5 Rb5 38. Nc4 Rc5 39. Rxe5 Qxe5 40. Qxe5+ Rxe5 41. Nxe5 Kxe5 42. c7 1-0

[Event "Early-Titled-Tuesday-Blitz-December-26-2023"]
[Site "Chess.com"]
[Date "2023.12.26"]
[Round "11"]
[White "AlexanderL"]
[Black "Hikaru"]
[Result "0-1"]
[WhiteElo "2899"]
[BlackElo "3220"]
[TimeControl "180+1"]
[EndTime "10:04:54 PST"]
[Termination "Hikaru won by checkmate"]

1. d4 a6 2. Nf3 d6 3. g3 b5 4. Bg2 Bb7 5. O-O Nf6 6. Nbd2 Nbd7 7. Re1 c5 8. e4 cxd4 9. Nxd4 e5 10. Nf5 g6 11.
Ne3 Be7 12. a4 O-O 13. axb5 axb5 14. Rxa8 Qxa8 15. c4 bxc4 16. Ndxc4 Nxe4 17. f3 Ng5 18. Rf1 d5 19. f4 dxc4 20. Qxd7 Bxg2 21. Nxg2 Bc5+ 22.
Kh1 Ne4 23. fxe5 Nf2+ 24. Rxf2 Bxf2 25. e6 Bc5 26. h4 Qf3 27. Bh6 Qf1+ 28. Kh2 Bg1+ 29.
Kh1 Bc5+ 30. Kh2 Qg1+ 31. Kh3 Qh1+ 32. Kg4 Qxg2 33. Bxf8 h5+ 34. Kf4 Qf2+ 35. Ke5 Qf5# 0-1

[Event "Early-Titled-Tuesday-Blitz-December-26-2023"]
[Site "Chess.com"]
[Date "2023.12.26"]
[Round "11"]
[White "RamonManon0g"]
[Black "deribas12345"]
[Result "0-1"]
[WhiteElo "2356"]
[BlackElo "2524"]
[TimeControl "180+1"]
[EndTime "10:04:54 PST"]
[Termination "deribas12345 won by resignation"]

1. e4 e6 2. d4 d5 3. Nd2 c5 4.
Ngf3 Nc6 5. Bb5 a6 6. Bxc6+ bxc6 7. O-O cxd4 8. Nxd4 c5 9. N4f3 Nf6 10. exd5 exd5 11.
Re1+ Be7 12. h3 O-O 13. b3 d4 14. Nc4 Nd5 15. Bd2 Bf5 16. Re5 Bg6 17. Qe2 Bf6 18. Bg5 Nc3 19. Qd2 Bxg5 20. Rxg5 Ne4 21. Qf4 Nxg5 22. Nxg5 Bxc2 23. Rc1 Bg6 24. h4 h6 25. Nf3 Qf6 26. Qg3 Bh5 27. Nfe5 Rfe8 28. Nd7 Qe7 29. Ndb6 Rad8 30. Nd2 d3 31. Nbc4 Rd4 32.
Ne3 Qxh4 33. Qxh4 Rxh4 34. Rxc5 Bg6 35. Ra5 Rc8 36. g3 Rc1+ 37. Kg2 Rd4 38. Rxa6 Be4+ 39. f3 Rc2 40. Nxc2 dxc2 41. Nxe4 c1=Q 42. Ra8+ Kh7 43.
g4 Rxe4 44. fxe4 Qc6 45. Ra4 Qc3 46. Rc4 Qb2+ 47. Kf3 Qxa2 0-1

[Event "Early-Titled-Tuesday-Blitz-December-26-2023"]
[Site "Chess.com"]
[Date "2023.12.26"]
[Round "11"]
[White "MightyGMpretender"]
[Black "mbojan"]
[Result "0-1"]
[WhiteElo "2754"]
[BlackElo "2910"]
[TimeControl "180+1"]
[EndTime "10:04:55 PST"]
[Termination "mbojan won by resignation"]

1. Nf3 a6 2. g3 d6 3. Bg2 Bd7 4. O-O g6 5. e4 Bg7 6. Re1 Qc8 7. e5 Nc6 8. exd6 cxd6 9. d4 d5 10.
Nc3 Nf6 11. Bg5 Be6 12. Na4 Nd7 13. c4 O-O 14. Rc1 b5 15. cxb5 axb5 16. Nc3 b4 17. Na4 Qa6 18. b3 Rfc8 19. Qd2 Bf6 20. Bxf6 exf6 21. Rc2 Bf5 22. Rcc1 Be6 23. Qf4 Ne7 24. Bf1 Qb7 25. h3 Kg7 26. g4 g5 27. Qd6 Ng6 28.
Rxc8 Rxc8 29. Ba6 Qc6 30. Qxb4 Qxa6 31. Nc5 Nxc5 32. dxc5 Nf4 33. Nd4 Nd3 34. Qd2 Nxe1 35. b4 Qd3 36. Nxe6+ fxe6 37. Qxe1 Qe4 38. Qxe4 dxe4 39.
a4 Kf7 40. a5 Rb8 41. c6 Rxb4 42.
a6 Rb8 43. a7 Ra8 44. c7 Ke7 0-1

[Event "Early-Titled-Tuesday-Blitz-December-26-2023"]
[Site "Chess.com"]
[Date "2023.12.26"]
[Round "11"]
[White "Iskusnyh"]
[Black "Msb2"]
[Result "1-0"]
[WhiteElo "2657"]
[BlackElo "2969"]
[TimeControl "180+1"]
[EndTime "10:04:55 PST"]
[Termination "Iskusnyh won by checkmate"]

1. d4 d5 2. c4 e6 3. Nf3 Nf6 4. g3 Nc6 5. Nbd2 Bd6 6. b3 O-O 7. Bb2 a5 8. Bg2 a4 9. O-O a3 10.
Bc3 b6 11. Rc1 Bb7 12. Qc2 h6 13. Rfd1 Bb4 14. Ba1 Qe7 15. cxd5 exd5 16. e3 Rfc8 17. Bh3 Rd8 18. Ne5 Nxe5 19. dxe5 Ne4 20. Nxe4 dxe4 21.
e6 fxe6 22. Qc4 Rxd1+ 23. Rxd1 Re8 24. Bxe6+ Qxe6 25. Qxb4 Qf7 26. Qxa3 Bc8 27. Qb2 Bh3 28. b4 Re7 29. Qe2 Qf5 30. a4 Kh7 31. Rd4 Bg4 32. Qd2 Bf3 33. Qe1 c5 34. bxc5 bxc5 35. Rc4 Rd7 36.
Rc1 Rd2 37. a5 Re2 38. Qf1 Ra2 39. Bc3 Qd7 40. Ra1 Rc2 41. a6 Qa7 42. Be5 Be2 43.
Qe1 Bxa6 44. Qb1 Qb7 45. Qxc2 Bd3 46. Qc1 Qf7 47. Qd1 c4 48. Bd4 Qf5 49. Ra7 c3 50. Rxg7+ Kh8 51. Rf7+ Kg8 52. Rxf5 c2 53. Qc1 Kh7 54.
Qb2 Kg6 55. Rf6+ Kh5 56. h3 Kg5 57. Kh2 h5 58. h4+ Kg4 59. Qc1 Be2 60. Rf4# 1-0

[Event "Early-Titled-Tuesday-Blitz-December-26-2023"]
[Site "Chess.com"]
[Date "2023.12.26"]
[Round "11"]
[White "hsmile"]
[Black "ZaidejasChEgis"]
[Result "1-0"]
[WhiteElo "2096"]
[BlackElo "2207"]
[TimeControl "180+1"]
[EndTime "10:04:55 PST"]
[Termination "hsmile won by checkmate"]

1. d4 d5 2. Nc3 Nf6 3. Bg5 e6 4. e4 dxe4 5. Nxe4 Be7 6. Bxf6 Bxf6 7. Nf3 O-O 8. c3 Nd7 9. Bd3 Be7 10. Qc2 h6 11.
O-O-O a5 12. h4 a4 13. a3 Nf6 14. Ne5 c6 15. Kb1 Nd5 16. g3 f5 17. Nd2 Bf6 18.
Ndf3 f4 19. g4 Qc7 20. Bh7+ Kh8 21. Ng6+ Kxh7 22. Nxf8+ Kg8 23. Ng6 b5 24. g5 Bd8 25.
gxh6 gxh6 26. Rhg1 Kf7 27. Nge5+ Ke8 28. Qg6+ Ke7 29. Qh7+ Kd6 30. Nf7+ Kd7 31. N7e5+ Kd6 32. Rg7 Be7 33. Ng6 Ba6 34. Nxe7 Nxe7 35. Ne5 Re8 36.
Qxh6 Nf5 37. Rxc7 Nxh6 38. Rxc6+ Kd5 39. Rxa6 Ng4 40. f3 Ne3 41. Rg1 Rh8 42. Rg6 Rxh4 43. Rgxe6 Rh1+ 44. Ka2 Nc4 45. Rec6 Nxe5 46. Rc5# 1-0

[Event "Early-Titled-Tuesday-Blitz-December-26-2023"]
[Site "Chess.com"]
[Date "2023.12.26"]
[Round "11"]
[White "wqws"]
[Black "DeyanKostov"]
[Result "1-0"]
[WhiteElo "2710"]
[BlackElo "2489"]
[TimeControl "180+1"]
[EndTime "10:05:02 PST"]
[Termination "wqws won by checkmate"]

1. d4 d5 2. Nf3 Nf6 3. e3 Bg4 4. h3 Bh5 5. c4 dxc4 6. Nc3 e6 7.
Bxc4 a6 8. g4 Bg6 9. Ne5 Nbd7 10. f4 Nxe5 11. fxe5 Ne4 12. h4 Nxc3 13. bxc3 Be4 14.
Rh2 Be7 15. h5 Bh4+ 16. Kf1 O-O 17. Bd3 Bc6 18. g5 Qxg5 19. e4 Qg3 20. Rg2 Qh3 21.
Bh6 Qh1+ 22. Rg1 Qh3+ 23. Rg2 g6 24. Bxf8 Rxf8 25. Kg1 g5 26. Qe2 f6 27. Rf1 fxe5 28. Rxf8+ Kxf8 29. Qf1+ Ke7 30. dxe5 Qe3+ 31. Kh2 Bxe4 32.
Qf6+ Kd7 33. Qf7+ Kd8 34. Bxe4 c6 35. Qf8+ Kc7 36. Qd6+ Kc8 37. Qxe6+ Kc7 38. Qd6+ Kc8 39. Bf5# 1-0

[Event "Early-Titled-Tuesday-Blitz-December-26-2023"]
[Site "Chess.com"]
[Date "2023.12.26"]
[Round "11"]
[White "SARGISMV"]
[Black "MIss_MIaMI"]
[Result "1-0"]
[WhiteElo "2546"]
[BlackElo "2433"]
[TimeControl "180+1"]
[EndTime "10:05:02 PST"]
[Termination "SARGISMV won by checkmate"]

1. c4 e5 2. Nc3 f5 3. g3 Nf6 4. Bg2 Bb4 5. Nd5 Nxd5 6. cxd5 O-O 7. Nf3 d6 8. O-O f4 9. d4 fxg3 10. hxg3 exd4 11. Nxd4 Qf6 12. Ne6 Rf7 13. Bg5 Qxb2 14. Rb1 Qa3 15. Qc2 Na6 16. Be4 h6 17. Bh7+ Kh8 18.
Qg6 Bxe6 19. dxe6 Rff8 20. e7 Rfe8 21. Rb3 Qa5 22. Bxh6 Qe5 23. Bg5 Bc5 24. Kg2 Qd5+ 25.
Rf3 Qe6 26. Qxe6 Kxh7 27. Rh1# 1-0

[Event "Early-Titled-Tuesday-Blitz-December-26-2023"]
[Site "Chess.com"]
[Date "2023.12.26"]
[Round "11"]
[White "Yeritsyaan"]
[Black "Herzog2012"]
[Result "1-0"]
[WhiteElo "2654"]
[BlackElo "2552"]
[TimeControl "180+1"]
[EndTime "10:05:04 PST"]
[Termination "Yeritsyaan won on time"]

1. Nf3 Nf6 2. c4 e6 3. b3 Be7 4.
Bb2 O-O 5. e3 d5 6. Be2 c5 7. cxd5 Nxd5 8. O-O Nc6 9. d3 b6 10. a3 Bb7 11. Nbd2 Bf6 12. Qc2 Bxb2 13. Qxb2 Qe7 14. Rac1 Rfd8 15. Rfe1 Rac8 16. Bf1 e5 17. g3 Nf6 18. Nc4 Re8 19. Bg2 Qc7 20. b4 Nd7 21. b5 Nd8 22. a4 f6 23. d4 e4 24.
Nh4 Ne6 25. Nf5 Bd5 26. Ncd6 g6 27. Nxe8 Rxe8 28. dxc5 gxf5 29. Red1 Ndxc5 30. Rxd5 Rd8 31. Rxd8+ Qxd8 32. Bf1 Qd6 33. Bc4 Kg7 34. Qc2 Ng5 35. Kg2 Qd7 36. Rd1 Qc8 37. h4 Nf3 38. Be2 Ne5 39.
Rd6 Kg6 40. Qc3 Qf8 41. Qxe5 1-0

[Event "Early-Titled-Tuesday-Blitz-December-26-2023"]
[Site "Chess.com"]
[Date "2023.12.26"]
[Round "11"]
[White "stratacticos"]
[Black "GMJustin"]
[Result "0-1"]
[WhiteElo "1870"]
[BlackElo "2243"]
[TimeControl "180+1"]
[EndTime "10:05:05 PST"]
[Termination "GMJustin won on time"]

1. e4 c5 2. Nf3 e6 3. c3 d5 4.
exd5 exd5 5. d4 Nc6 6. Bb5 Bd6 7. dxc5 Bxc5 8. O-O Ne7 9. b4 Bd6 10. Bd3 O-O 11. h3 Bf5 12. Qc2 Bxd3 13. Qxd3 Rc8 14. Na3 Ne5 15. Nxe5 Bxe5 16. Bd2 Qd7 17. Rfe1 Bf6 18.
Nb5 Nc6 19. Bf4 d4 20. Nxd4 Bxd4 21. cxd4 Nxb4 22. Qb3 Nc2 23. Rad1 Nxe1 24. Rxe1 Qxd4 25. Be5 Qd2 26. Re3 Rc1+ 27. Kh2 Qxf2 28. Rf3 Qg1+ 29. Kg3 Qc5 30. Qe3 Qxe3 31. Rxe3 Re8 0-1

[Event "Early-Titled-Tuesday-Blitz-December-26-2023"]
[Site "Chess.com"]
[Date "2023.12.26"]
[Round "11"]
[White "SCIM"]
[Black "Zavgorodniy_Sergiy"]
[Result "0-1"]
[WhiteElo "2519"]
[BlackElo "2624"]
[TimeControl "180+1"]
[EndTime "10:05:06 PST"]
[Termination "Zavgorodniy_Sergiy won by resignation"]

1. e4 c6 2. d4 d5 3. e5 Bf5 4.
Nc3 e6 5. g4 Bg6 6. Nge2 c5 7.
h4 cxd4 8. Nxd4 h5 9. g5 Ne7 10.
Bd3 Bxd3 11. Qxd3 g6 12. Ncb5 Nec6 13. Bf4 Nxd4 14. Nxd4 Qd7 15. O-O-O Nc6 16. Kb1 Rc8 17. Nb5 Nb4 18. Qf1 a6 19. Nc3 Qc7 20. a3 Nc6 21. Qe2 Bg7 22. Rhe1 O-O 23. Bg3 Ne7 24. f4 Nf5 25. Bf2 b5 26. Na2 Qb7 27. Nc1 Rc4 28. Qf3 Rfc8 29. Re2 Bf8 30. Nb3 Qc7 31. Rc1 a5 32.
Nd4 Nxd4 33. Bxd4 Rxd4 0-1

[Event "Early-Titled-Tuesday-Blitz-December-26-2023"]
[Site "Chess.com"]
[Date "2023.12.26"]
[Round "11"]
[White "AnaKuchava"]
[Black "disciplinedbrat"]
[Result "1-0"]
[WhiteElo "2228"]
[BlackElo "2293"]
[TimeControl "180+1"]
[EndTime "10:05:07 PST"]
[Termination "AnaKuchava won by resignation"]

1. d4 d5 2. Nf3 Nf6 3. c4 e6 4. Nc3 Bb4 5. Qa4+ Nc6 6. e3 O-O 7. Bd3 Ne4 8. Qc2 f5 9. O-O g5 10. Qb3 Bxc3 11. bxc3 g4 12. Nd2 Ng5 13. cxd5 exd5 14.
c4 Be6 15. cxd5 Bxd5 16. Bc4 Ne7 17. Ba3 c6 18. Bxe7 Qxe7 19. Bxd5+ cxd5 20. Qxd5+ Rf7 21. Nc4 Rd8 22. Qe5 Qf8 23. Rac1 Re7 24. Qa5 b6 25.
Qb5 Re6 26. Ne5 Rh6 27. Rc6 Qe8 28. a4 Qh5 29. Rxh6 Qxh6 30. Rc1 Nh3+ 31. gxh3 gxh3 32.
Qc4+ Kg7 33. Qf7+ Kh8 34. Kf1 Rg8 35. Qxf5 Qg7 36. Nf7+ 1-0

[Event "Early-Titled-Tuesday-Blitz-December-26-2023"]
[Site "Chess.com"]
[Date "2023.12.26"]
[Round "11"]
[White "jlmanzanares"]
[Black "UnTucopalaTimba"]
[Result "0-1"]
[WhiteElo "2000"]
[BlackElo "2169"]
[TimeControl "180+1"]
[EndTime "10:05:08 PST"]
[Termination "UnTucopalaTimba won by resignation"]

1. e4 c6 2. d4 d5 3. Nc3 dxe4 4.
Nxe4 Bf5 5. Ng3 Bg6 6. h4 h6 7.
Bd3 Bxd3 8. Qxd3 Nd7 9. Nf3 Ngf6 10. Bf4 e6 11. O-O-O Qa5 12. Kb1 Be7 13. Ne4 Nxe4 14. Qxe4 Nf6 15. Qe2 Nd5 16. Bd2 Qb6 17. c4 Nf6 18. Bc3 O-O 19. g4 Nxg4 20. Rdg1 h5 21. Ne5 Nf6 22. Rxg7+ Kxg7 23. Rg1+ Kh8 24. Qd2 Kh7 25.
Qd3+ Kh8 26. Qe3 Kh7 27. Qd3+ Kh8 28. d5 cxd5 29. Qd2 Kh7 30. Qc2+ Ne4 31. f3 Qxg1+ 32. Qc1 Nxc3+ 33. bxc3 Qxc1+ 34. Kxc1 dxc4 0-1

[Event "Early-Titled-Tuesday-Blitz-December-26-2023"]
[Site "Chess.com"]
[Date "2023.12.26"]
[Round "11"]
[White "Romn69"]
[Black "Alenzer"]
[Result "1-0"]
[WhiteElo "2338"]
[BlackElo "2070"]
[TimeControl "180+1"]
[EndTime "10:05:09 PST"]
[Termination "Romn69 won by checkmate"]

1. d4 d5 2. Nf3 Nf6 3. c4 dxc4 4. e3 a6 5. Bxc4 e6 6. Qe2 b5 7. Bd3 Bb7 8. e4 Bb4+ 9. Nc3 O-O 10. e5 Nfd7 11.
Bxh7+ Kxh7 12. Ng5+ Kg6 13. Qg4 f5 14. Qg3 Bxc3+ 15. bxc3 f4 16. Bxf4 Qe7 17. Qh4 Rxf4 18. Qh7+ Kxg5 19. h4+ Kg4 20. f3+ Rxf3 21. gxf3+ Kxf3 22.
Rf1+ Ke3 23. Qh5 Nxe5 24. Qe2# 1-0

[Event "Early-Titled-Tuesday-Blitz-December-26-2023"]
[Site "Chess.com"]
[Date "2023.12.26"]
[Round "11"]
[White "Alex_Banzea"]
[Black "karinachess1"]
[Result "1-0"]
[WhiteElo "2649"]
[BlackElo "2569"]
[TimeControl "180+1"]
[EndTime "10:05:12 PST"]
[Termination "Alex_Banzea won by checkmate"]

1. d4 Nf6 2. Nc3 d5 3. Bf4 g6 4. e3 Bg7 5. h4 h5 6. Nf3 O-O 7. Ne5 c5 8. Qd2 cxd4 9. exd4 Nc6 10. f3 Qb6 11. O-O-O Qa5 12. Bb5 Nb4 13. a3 Na2+ 14.
Nxa2 Qxb5 15. Nc3 Qa5 16. g4 Be6 17. Bh6 Rfc8 18. Bxg7 Kxg7 19. gxh5 Nxh5 20. Rdg1 Kh7 21. Rg5 Rg8 22. Rhg1 Rac8 23. Qd3 Nf4 24. Qe3 Nh3 25. h5 Nxg5 26. Qxg5 f6 27. hxg6+ Kg7 28. Qf4 Rh8 29.
Nf7 Rh2 30. Qxh2 Bxf7 31. Qh7+ Kf8 32. Qxf7# 1-0

[Event "Early-Titled-Tuesday-Blitz-December-26-2023"]
[Site "Chess.com"]
[Date "2023.12.26"]
[Round "11"]
[White "Magila31"]
[Black "Ajedrez_con_German"]
[Result "1-0"]
[WhiteElo "2408"]
[BlackElo "2587"]
[TimeControl "180+1"]
[EndTime "10:05:12 PST"]
[Termination "Magila31 won on time"]

1. Nf3 Nf6 2. g3 g6 3. Bg2 Bg7 4.
O-O O-O 5. d4 d5 6. c3 c6 7. Bg5 Bf5 8. Nbd2 h6 9. Bf4 g5 10.
Be5 Nbd7 11. a4 Nxe5 12. Nxe5 Nd7 13. Nxd7 Qxd7 14. e4 dxe4 15. Nxe4 Rad8 16. Nc5 Qc7 17. a5 Bc8 18. Qb3 e5 19. dxe5 Bxe5 20. Rfe1 Kg7 21.
Qc4 Bf6 22. Ne4 Be6 23. Qa4 Be7 24. b4 Rd3 25. Bf1 Rd7 26. b5 cxb5 27. Qxb5 Rfd8 28. c4 Rd4 29. Rab1 R8d7 30. c5 Bf5 31. Nd6 Bxd6 32. cxd6 Qc2 33. Rb2 a6 34. Qe5+ f6 35. Qxd4 1-0

[Event "Early-Titled-Tuesday-Blitz-December-26-2023"]
[Site "Chess.com"]
[Date "2023.12.26"]
[Round "11"]
[White "ploxoi"]
[Black "matagordo"]
[Result "1-0"]
[WhiteElo "2503"]
[BlackElo "2271"]
[TimeControl "180+1"]
[EndTime "10:05:14 PST"]
[Termination "ploxoi won by resignation"]

1. d4 Nf6 2. c4 d6 3. Nf3 g6 4. Nc3 Bf5 5. Nh4 Bd7 6. e4 e5 7. Be3 Nxe4 8. Nxe4 Qxh4 9. Qf3 Be7 10. g3 Bg4 11. Qg2 Qh5 12. Nd2 exd4 13. Bxd4 O-O 14. h3 Bd7 15. Be2 Bc6 16. Qh2 Qh6 17. Be3 Bg5 18. Bxg5 Qxg5 19. f4 Qc5 20. Rf1 Na6 21. a3 Rfe8 22. Rf2 Re3 23. O-O-O Rxa3 24. Nb1 Re3 25. Bf1 Rae8 26. Rfd2 Nb4 27. Qf2 Ba4 28. Nc3 Qa5 29. Re2 Rxe2 30. Bxe2 Bb3 31. Kd2 Bxd1 32. Bxd1 Qa1 33. Na4 c6 34. Qxa7 b5 35. Qd7 Rf8 36. cxb5 cxb5 37. Qxb5 Qa2 38.
Qxb4 Qd5+ 39. Kc1 Rc8+ 40. Nc3 Qf3 41. Bxf3 1-0